 Dungeon Crawl Stone Soup version 0.30-a0-743-gbfdf073431 (webtiles) character file.

Game seed: 16613486044871575397

341 Gargoyl the Trooper (level 6, -1/39 HPs)
             Began as a Gargoyle Berserker on Feb 6, 2023.
             Was a Believer of Trog.
             Slain by a gnoll bouda
             ... wielding a +0 whip
              (5 damage)
             ... on level 5 of the Dungeon.
             The game lasted 00:04:56 (3319 turns).

Gargoyl the Trooper (Gargoyle Berserker)            Turns: 3319, Time: 00:04:57

Health: -1/39      AC: 16    Str: 21    XL:     6   Next: 56%
Magic:  6/6        EV:  8    Int:  7    God:    Trog [**....]
Gold:   235        SH:  0    Dex: 11    Spells: 5/5 levels left

rFire   . . .      SeeInvis .    A - +0 war axe
rCold   . . .      Faith    .    (no shield)
rNeg    + . .      Spirit   .    j - +0 chain mail
rPois   ∞          Reflect  .    x - +0 helmet
rElec   +          Harm     .    y - +0 cloak
rCorr   .          Rampage  .    (no gloves)
Will    +++..                    (no boots) Stlth
                                 (no amulet)
HPRegen 1.26/turn                s - ring of willpower
MPRegen 0.10/turn                (no ring)

@: strong-willed, on berserk cooldown, regenerating, slowed, very slow
A: sickness immunity, AC +4, negative energy resistance 1, electricity
resistance, torment resistance 1, petrification resistance
a: Renounce Religion, Berserk, Trog's Hand


You were on level 5 of the Dungeon.
You worshipped Trog.
Trog was pleased with you.
You visited 1 branch of the dungeon, and saw 5 of its levels.

You collected 235 gold pieces.

Inventory:

Hand Weapons
 a - a +0 hand axe
 A - a +0 war axe (weapon)
Missiles
 i - 8 poisoned darts (quivered)
Armour
 j - a +0 chain mail (worn)
 x - a +0 helmet (worn)
 y - a +0 cloak (worn)
Jewellery
 s - a ring of willpower (left hand)
Wands
 w - a wand of digging (3)
 z - a wand of light (4)
Scrolls
 b - a scroll of vulnerability {unknown}
 d - 2 scrolls of teleportation {unknown}
 f - 2 scrolls of summoning {unknown}
 g - a scroll of identify
 h - a scroll of enchant weapon {unknown}
 k - a scroll of noise {unknown}
 m - a scroll of fog {unknown}
 p - a scroll of brand weapon {unknown}
 r - 3 scrolls of torment {unknown}
 t - 2 scrolls of immolation {unknown}
 u - a scroll of fear {unknown}
 v - a scroll of magic mapping {unknown}
Potions
 c - a potion of berserk rage
 e - a potion of mutation {unknown}
 l - a potion of lignification {unknown}
 n - 2 potions of degeneration {unknown}
 o - a potion of invisibility {unknown}
 q - 2 potions of curing {unknown}
 B - a potion of flight {unknown}


   Skills:
 + Level 4.6 Fighting
 + Level 4.6 Axes
 + Level 4.1 Armour
 + Level 2.1 Dodging
 + Level 1.1 Stealth


You had 5 spell levels left.
You didn't know any spells.
Your spell library was empty.

Dungeon Overview and Level Annotations

Branches:
Dungeon (5/15)
 Temple: D:4-7

Altars:
Makhleb
Yredelemnul


Innate Abilities, Weirdness & Mutations

You are immune to sickness and miasma.
Your stone body is resilient. (AC +4)
You are immune to poison.
You resist negative energy. (rN+)
You are resistant to electric shocks. (rElec)
You are resistant to unholy torment.
You are immune to petrification.


Message History

The gnoll hits you but does no damage. The iguana barely misses you.
The gnoll bouda hits you with a +0 whip!
The gnoll hits you but does no damage.
A red film seems to cover your vision as you go berserk!
You feel yourself moving faster!
You feel mighty! The gnoll barely misses you. The iguana barely misses you.
The gnoll bouda hits you with a +0 whip.
The gnoll hits you from afar with a +0 spear.
You closely miss the iguana.
The iguana is moderately wounded.
You slash the gnoll bouda! The gnoll barely misses you.
The gnoll bouda hits you with a +0 whip.
The iguana barely misses you.
You slash the iguana!
You kill the iguana!
Trog accepts your kill.
You barely miss the gnoll bouda.
The gnoll throws a throwing net.
The throwing net hits you.
You become entangled in the net!
The gnoll hits you from afar with a +0 halberd.
The gnoll bouda hits you with a +0 whip.
* * * LOW HITPOINT WARNING * * *
You struggle against the net.
The gnoll is no longer moving quickly.
The gnoll hits you but does no damage.
The gnoll hits you from afar with a +0 halberd.
* * * LOW HITPOINT WARNING * * *
The gnoll bouda hits you but does no damage.
You struggle against the net.
You feel a strong urge to attack something.
The gnoll hits you but does no damage.
You struggle against the net.
The gnoll is no longer moving quickly.
The gnoll hits you from afar with a +0 halberd!
* * * LOW HITPOINT WARNING * * *
The gnoll bouda hits you but does no damage.
You rip the net and break free!
You feel your anger nearly subside.
You are no longer berserk.
You are exhausted.
You feel yourself slow down. The gnoll hits you but does no damage.
The gnoll barely misses you.
The gnoll bouda hits you with a +0 whip.
You die...

..#... .#... .#..
... ... .... ##g.
# ....####gg# .##
.......g..# ...#
. .......@.#.....
.. .##.........#
...## ##........#
....###.........#
#.........?...##
#.##....###...#
##..### ...#
##...###..#
##..........


You could see a gnoll bouda and 3 gnolls.

Vanquished Creatures
  A scorpion (D:5)
  An orc priest (D:3)
  A hound (D:4)
  An orc wizard (D:3)
  An iguana (D:5)
  Robin (D:4)
  A gnoll (D:5)
  6 adders
  A white imp (D:5)
  2 worms
  2 dart slugs (D:3)
  4 orcs
  7 ball pythons
  8 bats
  5 endoplasms
  2 giant cockroaches
  16 goblins
  3 hobgoblins (D:4)
  8 jackals (D:1)
  3 quokkas (D:1)
  2 frilled lizards (D:3)
  5 kobolds
  5 rats
86 creatures vanquished.

Notes
Turn   | Place    | Note
-------+----------+-------------------------------------------
     0 | D:1      | Gargoyl the Gargoyle Berserker began the quest for the Orb.
     0 | D:1      | Reached XP level 1. HP: 14/14 MP: 1/1
    15 | D:1      | You fall into a shaft and drop 1 floor!
    66 | D:2      | Found a faded altar of an unknown god.
   184 | D:1      | Reached XP level 2. HP: 15/19 MP: 2/2
   547 | D:1      | Reached XP level 3. HP: 22/24 MP: 3/3
  1254 | D:2      | Reached ** piety under Trog
  1835 | D:3      | Reached XP level 4. HP: 29/29 MP: 4/4
  1920 | D:3      | Reached skill level 1 in Stealth
  2178 | D:3      | Reached XP level 5. HP: 31/33 MP: 5/5
  2610 | D:3      | Found a basalt altar of Yredelemnul.
  2611 | D:3      | Found a burning altar of Makhleb.
  2772 | D:4      | Noticed Robin
  2783 | D:4      | Killed Robin
  2956 | D:4      | Reached XP level 6. HP: 39/39 MP: 6/6
  3169 | D:5      | Entered Level 5 of the Dungeon
  3319 | D:5      | Slain by a gnoll bouda

Illustrated notes

Levels and vault maps discovered:
D:1:      wheals_arrival_linesprint, layout_basic
D:2:      layout_basic, chequers_ecumenical_altar_simple_redux,
          hangedman_decor_clover_reticule, grunt_ministairs_3
D:3:      layout_basic, amethyst_overflow_temple_binary, roderic_st_hans_cross
D:4:      layout_rooms, uniq_robin
D:5:      layout_layer_cave, chequers_temple_overflow_statue_of_worship,
          minmay_temple_entry_tees, nrook_mini_vaults, chequers_jeans

Skill      XL: |  1  2  3  4  5  6 |
---------------+-------------------+-----
Axes           | 3 4 |  4.6
Fighting       | 4 |  4.6
Stealth        | 1 |  1.1
Dodging        | 2 |  2.1
Armour         | 3 4 |  4.1

Action                     |  1- 3 |  4- 6 || total
---------------------------+-------+-------++-------
  Melee: Hand axe          |   130 |   121 ||   251
         Punch             |     1 |     1 ||     2
         War axe           |       |    26 ||    26
 Invoke: Berserk           |       |     3 ||     3
         Trog's Hand       |       |     3 ||     3
    Use: Scroll            |     1 |       ||     1
   Stab: Sleeping          |     1 |       ||     1
 Armour: Animal skin       |    39 |       ||    39
         Chain mail        |    16 |   158 ||   174
         Ring mail         |    15 |       ||    15
         Skin              |     2 |       ||     2
  Dodge: Dodged            |    78 |    86 ||   164

Table legend: (Time is in decaauts)
 A = Elapsed time spent in this place.
 B = Non-inter-level travel time spent in this place.
 C = Inter-level travel time spent in this place.
 D = Time resting spent in this place.
 E = Time spent auto-exploring this place.
 F = Levels seen in this place.
 G = Mean time per level.
                   A        B        C        D        E       F      G
               +--------+--------+--------+--------+--------+-----+--------+
         Total |   3369 |   3247 |    122 |      0 |   2422 |   5 |  673.8 |
       Dungeon |   3369 |   3247 |    122 |      0 |   2422 |   5 |  673.8 |
               +--------+--------+--------+--------+--------+-----+--------+

Top non-repeatable levels by time:
     D:1: 1162 daAuts
     D:3: 1065 daAuts
     D:2: 510 daAuts
     D:4: 475 daAuts
     D:5: 155 daAuts
